 Dungeon Crawl Stone Soup version 0.23.2-1-ga50397a (webtiles) character file.

Game seed: 4171777291969459762

62 DrKleor the Ruffian (level 3, 0/29 HPs)
             Began as a Demonspawn Gladiator on May 28, 2019.
             Slain by Grinder (4 damage)
             ... on level 3 of the Dungeon.
             The game lasted 00:03:42 (2248 turns).

DrKleor the Ruffian (Demonspawn Gladiator)          Turns: 2248, Time: 00:03:42

Health: 0/29       AC:  2    Str: 15    XL:     3   Next: 85%
Magic:  3/3        EV: 12    Int:  9    God:
Gold:   58         SH:  0    Dex: 14    Spells: 2/2 levels left

rFire    + . .     SeeInvis .     - Unarmed
rCold    + . .     Gourm    .   (no shield)
rNeg     . . .     Faith    .   a - +0 leather armour
rPois    .         Spirit   .   (helmet restricted)
rElec    .         Reflect  .   m - scarf {rC+ rF+}
rCorr    .         Harm     .   l - -2 pair of gloves (curse)
MR       .....                  (no boots)
Stlth    +.........             (no amulet)
HPRegen  0.09/turn              (no ring)
MPRegen  0.08/turn              (no ring)

@: no status effects
A: horns 2
a: no special abilities


You were on level 3 of the Dungeon.
You were not hungry.

You visited 1 branch of the dungeon, and saw 3 of its levels.

You collected 58 gold pieces.

Inventory:

Missiles
 c - 3 throwing nets (quivered)
Armour
 a - a +0 leather armour (worn)
 b - a +0 helmet
 l - a cursed -2 pair of gloves (worn)
 m - a scarf of resistance (worn)
Wands
 r - a wand of flame (14)
 s - a wand of random effects (10)
Scrolls
 h - 2 scrolls of identify {unknown}
 i - a scroll of teleportation {unknown}
 j - a scroll of remove curse {unknown}
 n - a scroll of fog {unknown}
 o - 2 scrolls of magic mapping {unknown}
 q - a scroll of immolation {unknown}
Potions
 e - 3 potions of degeneration {unknown}
 f - a potion of agility {unknown}
 g - a potion of invisibility {unknown}
 k - 2 potions of brilliance {unknown}
 p - a potion of cancellation {unknown}
Comestibles
 d - 4 rations


   Skills:
 + Level 3.2 Fighting
 - Level 1.7 Throwing
 - Level 2.6 Dodging
 + Level 3.6 Unarmed Combat


You had 2 spell levels left.
You didn't know any spells.
Your spell library was empty.

Dungeon Overview and Level Annotations

Branches:
Dungeon (3/15)

Altars:
Elyvilon
Okawaru
Wu Jian
Zin
The Shining One

Annotations:
D:3 Grinder


Innate Abilities, Weirdness & Mutations

You have a pair of horns on your head.


Message History

You hit Grinder but do no damage.
Grinder is lightly wounded.
Grinder misses you.
You hit Grinder.
Grinder is lightly wounded.
Grinder hits you.
You writhe in agony.
You hit Grinder but do no damage. Your headbutt misses Grinder.
Grinder is lightly wounded.
Grinder barely misses you.
The frilled lizard bites you but does no damage.
Grinder hits you.
You writhe in agony.
You see here 17 arrows.
You miss the frilled lizard. The frilled lizard bites you.
Grinder closely misses you.
You hit the frilled lizard.
You kill the frilled lizard!
Grinder hits you.
* * * LOW HITPOINT WARNING * * *
You writhe in agony.
You die...

#.....#.#.#..# #
#.#.#.#.#.#..# #
#.#.#.#.#.#..# #
##.#........>.####
.............##...
#.####.###.####... #.#
#.# #.# #... #####<#
#.###.####### #....@#
##.......# # #...5.#
#......#.##### #.....#
#.######......
#....%###.############
#.....##..........#
....###.....#######.#
###. #.###.# #.# # #
...# #.# #.# # #.###
#.# #.# #


You could see Grinder.

Vanquished Creatures
  An adder (D:2)
  A worm (D:2)
  2 leopard geckos
  2 ball pythons
  3 bats (D:1)
  4 giant cockroaches
  8 goblins
  3 hobgoblins
  3 jackals (D:1)
  2 quokkas (D:2)
  5 frilled lizards
  3 kobolds (D:2)
  8 rats
45 creatures vanquished.

Notes
Turn   | Place    | Note
-------+----------+-------------------------------------------
     0 | D:1      | DrKleor the Demonspawn Gladiator began the quest for the
                  | Orb.
     0 | D:1      | Reached XP level 1. HP: 16/16 MP: 1/1
   315 | D:1      | Gained mutation: You have a pair of small horns on your
                  | head. [demonic ancestry]
   315 | D:1      | Reached XP level 2. HP: 23/23 MP: 2/2
   992 | D:1      | Gained mutation: You have a pair of horns on your head.
                  | [demonic ancestry]
   992 | D:1      | Reached XP level 3. HP: 26/28 MP: 3/3
  1111 | D:2      | Found a glowing silver altar of Zin.
  1112 | D:2      | Found an ornate altar of the Wu Jian Council.
  1114 | D:2      | Found a white marble altar of Elyvilon.
  1187 | D:2      | Found a glowing golden altar of the Shining One.
  1373 | D:2      | Found an iron altar of Okawaru.
  2233 | D:3      | Noticed Grinder
  2240 | D:3      | Paralysed by Grinder for 2 turns
  2248 | D:3      | Slain by Grinder

Skill      XL: |  1  2  3 |
---------------+----------+-----
Unarmed Combat | 3 |  3.6
Fighting       | 3 |  3.2
Throwing       | |  1.7
Dodging        | |  2.6

Action                   || total
-------------------------++-------
Melee: Unarmed           ||   139
       Headbutt          ||    18
       Punch             ||     4
 Stab: Sleeping          ||     3
  Eat: Chunk             ||     4
Armor: Leather armour    ||    29
Dodge: Dodged            ||    83
